 Dungeon Crawl Stone Soup version 0.27-a0-1281-ge233d83751 (webtiles) character file.

Game seed: 6401964954261156496

891 deletemesenpai the Covered (level 8, 0/67 HPs)
             Began as a Hill Orc Fighter on June 14, 2021.
             Was an Initiate of Beogh.
             Slain by a hound (1 damage)
             ... on level 6 of the Dungeon.
             The game lasted 00:12:30 (6243 turns).

deletemesenpai the Covered (Hill Orc Fighter)       Turns: 6243, Time: 00:12:30

Health: 0/67       AC:  8    Str: 16 (19) XL:     8   Next: 6%
Magic:  8/8        EV:  7    Int:  5 (8)  God:    Beogh [......]
Gold:   234        SH:  9    Dex: 11 (12) Spells: 7/7 levels left

rFire    . . .     SeeInvis .   h - +2 whip (drain)
rCold    . . .     Faith    .   c - +0 kite shield
rNeg     . . .     Spirit   .   b - +0 scale mail
rPois    .         Reflect  .   (no helmet)
rElec    .         Harm     .   n - +0 cloak
rCorr    .         Rampage  .   (no gloves)
Will     .....                  (no boots)
Stlth    ..........             (no amulet)
HPRegen  0.21/turn              (no ring)
MPRegen  0.11/turn              (no ring)

@: mighty, mesmerised
A: no striking features
a: Renounce Religion


You were on level 6 of the Dungeon.
You worshipped Beogh.
Beogh was noncommittal.
You visited 1 branch of the dungeon, and saw 6 of its levels.

You collected 234 gold pieces.

Inventory:

Hand Weapons
 a - a +0 war axe
 h - a +2 whip of draining (weapon)
 s - a +3 whip
Missiles
 f - 34 poisoned darts (quivered)
Armour
 b - a +0 scale mail (worn)
 c - a +0 kite shield (worn)
 n - a +0 cloak (worn)
Jewellery
 k - an amulet of reflection
 v - a ring of see invisible
Scrolls
 e - a scroll of magic mapping {unknown}
 i - 4 scrolls of enchant weapon {unknown}
 j - 5 scrolls of identify {unknown}
 p - a scroll of brand weapon {unknown}
 q - 3 scrolls of teleportation {unknown}
 r - 2 scrolls of fog {unknown}
Potions
 l - a potion of lignification {unknown}
 m - 2 potions of ambrosia {unknown}
 o - a potion of flight {unknown}
 t - 2 potions of heal wounds {unknown}
 u - a potion of haste {unknown}


   Skills:
 + Level 4.9 Fighting
 * Level 5.1(7.0) Axes
 + Level 4.4(5.3) Maces & Flails
 * Level 3.9(4.8) Polearms
 + Level 0.4 Throwing
 + Level 5.2 Armour
 + Level 4.8 Shields


You had 7 spell levels left.
You didn't know any spells.
Your spell library contained the following spells:

 Spells                   Type           Power      Damage    Failure   Level
 Magic Dart               Conj           0%         1d3       100%        1
 Blink                    Tloc           N/A        N/A       100%        2
 Call Imp                 Summ           0%         N/A       100%        2
 Slow                     Hex            0%         N/A       100%        2
 Conjure Flame            Conj/Fire      0%         6-21      100%        3
 Mephitic Cloud           Conj/Pois/Air  0%         N/A       100%        3


Dungeon Overview and Level Annotations

Branches:
Dungeon (6/15)             Temple (0/1) D:5

Altars:
Fedhas
Hepliaklqana
Kikubaaqudgha
Makhleb
Uskayaw

Annotations:
D:6 Maggie


Message History

The bolt of fire misses you. You block the orc's attack. The hound bites you.
Maggie hits you with a +0 broad axe!
You cannot move away from Maggie!
You whack the hound!
The hound is almost dead.
The orc hits you from afar with a +0 trident!
The hound closely misses you.
Maggie mumbles the words to a spell, but in the wrong order.
Maggie hits you with a +0 broad axe!
You feel very mighty all of a sudden. The hound barely misses you.
You block the orc's attack. You block the hound's attack.
Maggie hits you with a +0 broad axe!
* * * LOW HITPOINT WARNING * * *
You barely miss Maggie.
Maggie is moderately wounded.
You block the hound's attack. You block the orc's attack.
Maggie closely misses you.
You closely miss Maggie.
Maggie is moderately wounded.
The hound bites you but does no damage.
The orc hits you from afar with a +0 trident!
* * * LOW HITPOINT WARNING * * *
You block the hound's attack. Maggie barely misses you.
You closely miss Maggie.
Maggie is moderately wounded.
The hound bites you but does no damage.
The orc hits you from afar with a +0 trident.
* * * LOW HITPOINT WARNING * * *
Maggie completely misses you.
You whack Maggie! You drain Maggie.
Maggie is heavily wounded.
The hound closely misses you. You block the orc's attack.
The hound bites you but does no damage. Maggie hits you with a +0 broad axe!
* * * LOW HITPOINT WARNING * * *
The orc barely misses you.
It was a potion of degeneration.
There was something very wrong with that liquid.
You feel weakened.
You feel dopey.
You feel clumsy. The hound bites you.
You die...

#########
#........
#........
######........
###.............
.......@ho......
.......#@.(.....
######.....((...
###........
#######.. .


You could see Maggie (mesmerising, poisoned, drained), a hound (drained) and an
orc.

Vanquished Creatures
  A water moccasin (D:4)
  An ogre (D:4)
  A black bear (D:5)
  A scorpion (D:5)
  5 hounds
  2 bullfrog skeletons (D:5)
  A gnoll shaman (D:4)
  4 orc wizards
  2 iguanas
  4 gnolls
  5 adders
  A white imp (D:5)
  An ufetubus (D:5)
  A worm (D:4)
  2 dart slugs
  10 orcs
  6 ball pythons
  4 endoplasms
  4 giant cockroaches
  5 goblins
  3 hobgoblins (D:4)
  6 jackals
  3 kobolds
  3 quokkas
  2 bats (D:1)
  9 frilled lizards
  5 rats
92 creatures vanquished.

Vanquished Creatures (others)
  An adder skeleton (D:4)
  4 orcs (D:4)
  4 toadstools (D:1)
9 creatures vanquished.

Grand Total: 101 creatures vanquished

Notes
Turn   | Place    | Note
-------+----------+-------------------------------------------
     0 | D:1      | deletemesenpai the Hill Orc Fighter began the quest for the
                  | Orb.
     0 | D:1      | Reached XP level 1. HP: 19/19 MP: 1/1
   264 | D:1      | Reached XP level 2. HP: 27/27 MP: 2/2
   539 | D:1      | Reached skill level 1 in Maces & Flails
   867 | D:2      | Reached skill level 1 in Polearms
   867 | D:2      | Reached XP level 3. HP: 18/33 MP: 3/3
  1442 | D:2      | Found a faded altar of an unknown god.
  1840 | D:2      | Reached XP level 4. HP: 37/40 MP: 4/4
  2150 | D:3      | Found a hazy altar of Hepliaklqana.
  2269 | D:3      | Found an ancient bone altar of Kikubaaqudgha.
  2551 | D:3      | Reached XP level 5. HP: 46/46 MP: 5/5
  2665 | D:3      | Found a blossoming altar of Fedhas.
  3213 | D:4      | Became a worshipper of Beogh the Brigand
  3625 | D:4      | Found a hide-covered altar of Uskayaw.
  3763 | D:4      | Reached XP level 6. HP: 24/53 MP: 6/6
  4086 | D:4      | Found a burning altar of Makhleb.
  4224 | D:4      | Noticed a water moccasin
  4241 | D:4      | Killed a water moccasin
  4242 | D:4      | Reached XP level 7. HP: 25/60 MP: 7/7
  4590 | D:5      | Entered Level 5 of the Dungeon
  4615 | D:5      | Found a staircase to the Ecumenical Temple.
  5222 | D:5      | Reached skill level 5 in Armour
  5454 | D:5      | Reached skill level 5 in Axes
  5638 | D:5      | Reached * piety under Beogh
  5763 | D:5      | Reached XP level 8. HP: 67/67 MP: 8/8
  6225 | D:6      | Noticed Maggie
  6242 | D:6      | HP: 1/67 [Maggie (8)]
  6243 | D:6      | Slain by a hound

Illustrated notes

Levels and vault maps discovered:
D:1:      ldierk_water_garden, layout_loops_ring
D:2:      layout_basic, ebering_ecumenical_altar_webs
D:3:      layout_basic, nicolae_hepliaklqana_hippocampus, fedhas_ov_isle_minmay,
          lemuel_round_altar, minivault_19
D:4:      layout_loops_cross, lemuel_coloured_pillars_altar, lemuel_tele_altar,
          kennysheep_generic_room_5
D:5:      layout_cave_pods, minmay_temple_entry_tees, kennysheep_doodads,
          hangedman_decor_push, minmay_stone_trees_medium, cheibrodos_gnoll_hut
D:6:      layout_rooms, uniq_grinder, uniq_maggie

Skill      XL: |  1  2  3  4  5  6  7 |
---------------+----------------------+-----
Maces & Flails | 1 2 3 4 |  4.4
Axes           | 3 4 5 |  5.1
Polearms       | 1 2 3 |  3.9
Fighting       | 4 |  4.9
Armour         | 4 5 |  5.2
Shields        | 4 |  4.8
Throwing       | |  0.4

Action                   |  1- 3 |  4- 6 |  7- 9 || total
-------------------------+-------+-------+-------++-------
Melee: War axe           |   110 |    76 |       ||   186
       Whip              |       |    72 |   108 ||   180
Throw: Dart              |       |     8 |     4 ||    12
Invok: Convert to Beogh  |       |     1 |       ||     1
  Use: Potion            |       |     4 |     2 ||     6
Armor: Scale mail        |    46 |    73 |    59 ||   178
Dodge: Dodged            |    42 |    45 |    50 ||   137
Block: Kite shield       |    69 |    74 |    72 ||   215

Table legend: (Time is in decaauts)
 A = Elapsed time spent in this place.
 B = Non-inter-level travel time spent in this place.
 C = Inter-level travel time spent in this place.
 D = Time resting spent in this place.
 E = Time spent auto-exploring this place.
 F = Levels seen in this place.
 G = Mean time per level.
                   A        B        C        D        E       F      G
               +--------+--------+--------+--------+--------+-----+--------+
         Total |   6370 |   6314 |     56 |   1808 |   3191 |   6 | 1061.7 |
       Dungeon |   6370 |   6314 |     56 |   1808 |   3191 |   6 | 1061.7 |
               +--------+--------+--------+--------+--------+-----+--------+

Top non-repeatable levels by time:
     D:5: 1645 daAuts
     D:4: 1496 daAuts
     D:3: 1258 daAuts
     D:2: 1169 daAuts
     D:1: 781 daAuts
     D:6: 19 daAuts
